 Dungeon Crawl Stone Soup version 0.20.0-15-g7f486f2 (webtiles) character file.

114 Phantomfrettchen the Skirmisher (level 4, -9/35 HPs)
             Began as a Demonspawn Chaos Knight on June 26, 2017.
             Killed by divine providence
             ... invoked by an orc priest
              (17 damage)
             ... on level 3 of the Dungeon.
             The game lasted 00:12:13 (2232 turns).

Phantomfrettchen the Skirmisher (DsCK)              Turns: 2232, Time: 00:12:14

Health: -9/35      AC: 12    Str: 12    XL:     4   Next: 66%
Magic:  4/4        EV: 12    Int: 13    God:    Xom [..*...]
Gold:   95         SH:  0    Dex: 14    Spells: 3/3 levels left

rFire    . . .     SeeInvis .   m - +0 dagger (drain)
rCold    . . .     Gourm    .   (no shield)
rNeg     . . .     Faith    .   a - +2 leather armour
rPois    .         Spirit   .   (no helmet)
rElec    .         Reflect  .   (no cloak)
rCorr    .         Harm     .   (no gloves)
MR       .....                  (no boots)
Stlth    +.........             (no amulet)
Regen    0.2/turn               i - +1 ring of protection
MPRegen  0.1/turn               (no ring)

@: sanguine armour
A: spiny 1, rot immunity, sanguine armour 1
a: Renounce Religion


You were on level 3 of the Dungeon.
You worshipped Xom.
You were a toy of Xom.
You were not hungry.

You visited 1 branch of the dungeon, and saw 3 of its levels.

You collected 95 gold pieces.

Inventory:

Hand Weapons
 m - a +0 dagger of draining (weapon)
 r - a -2 flail
Missiles
 d - 25 poisoned needles
 s - 5 tomahawks (quivered)
Armour
 a - a +2 leather armour (worn)
 g - a +0 chain mail
Jewellery
 i - a +1 ring of protection (left hand)
Scrolls
 c - 2 scrolls of teleportation
 f - 3 scrolls of identify
 h - 2 scrolls of immolation {unknown}
 p - a scroll of noise {unknown}
 u - a scroll of enchant weapon {unknown}
 v - a scroll of random uselessness {unknown}
 x - 2 scrolls of amnesia {unknown}
Potions
 e - a potion of berserk rage {unknown}
 j - a potion of haste {unknown}
 k - a potion of curing {unknown}
 n - a potion of mutation {unknown}
 q - 2 potions of might {unknown}
 w - a potion of heal wounds {unknown}
Comestibles
 b - 2 bread rations
 l - 2 chunks of flesh
 o - 3 meat rations
 t - 2 royal jellies


   Skills:
 - Level 3.4 Fighting
 * Level 1.2 Short Blades
 - Level 2.0 Armour
 * Level 2.8 Dodging
 - Level 3.2 Unarmed Combat


You had 3 spell levels left.
You didn't know any spells.

Dungeon Overview and Level Annotations

Branches:
Dungeon (3/15)

Altars:
Makhleb


Innate Abilities, Weirdness & Mutations

You are partially covered in sharp spines.
You are immune to rotting.
When seriously injured, your bleeding wounds create armour. (AC +6)


Message History

The hobgoblin hits you but does no damage.
The orc is struck by your spines.
You kill the orc!
The orc priest mumbles some strange prayers to Beogh against you.
Pain shoots through your body!
* * * LOW HITPOINT WARNING * * *
The hobgoblin is struck by your spines.
You kill the hobgoblin!
You barely miss the orc. The orc misses you.
You hit the orc. You drain the orc!
The orc is severely wounded.
The orc completely misses you. The orc priest closely misses you.
You hit the orc but do no damage.
The orc is heavily wounded.
The orc hits you but does no damage.
The orc hits you with an enchanted falchion.
* * * LOW HITPOINT WARNING * * *
The orc priest mumbles some strange prayers to Beogh against you.
Beogh smites you!
You die...

### #..##.#
#....##
####..#####
#.)....#
#...##..#
#######.###.#
......ooo...#
#######.#####
.......@#
######..#
##.. ##
###### ##..
.#####....#
...
....##....#
....
#....)....#
.....
.#####....#
.....# ##
######


You could see an orc priest and 2 orcs.

Vanquished Creatures
  Terence (D:3)
  3 adders (D:2)
  2 dart slugs (D:1)
  6 orcs (D:3)
  2 giant cockroaches
  7 goblins
  10 hobgoblins
  7 kobolds
  A ball python (D:3)
  5 bats
  3 frilled lizards
  5 rats
52 creatures vanquished.

Notes
Turn   | Place    | Note
-------+----------+-------------------------------------------
     0 | D:1      | Phantomfrettchen the Demonspawn Chaos Knight began the quest for the Orb.
     0 | D:1      | Reached XP level 1. HP: 18/18 MP: 1/1
   328 | D:1      | Reached skill level 1 in Dodging
   347 | D:1      | Gained mutation: You are partially covered in sharp spines. [demonic ancestry]
   347 | D:1      | Reached XP level 2. HP: 13/24 MP: 2/2
   514 | D:1      | XOM: divination: magic mapping
   643 | D:1      | XOM: cast spell 'Olgreb's Toxic Radiance'
  1009 | D:2      | Gained mutation: You are immune to rotting. [demonic ancestry]
  1009 | D:2      | Reached XP level 3. HP: 20/29 MP: 3/3
  1142 | D:2      | Found a burning altar of Makhleb.
  1327 | D:2      | XOM: cloud trail
  1360 | D:2      | XOM: harmless Erth miscast
  1527 | D:2      | XOM: harmless Air miscast
  1664 | D:2      | XOM: harmless Necr miscast
  1685 | D:3      | Gained mutation: When seriously injured, your bleeding wounds create armour. (AC +6) [demonic ancestry]
  1685 | D:3      | Reached XP level 4. HP: 32/35 MP: 4/4
  1695 | D:3      | XOM: noise
  1704 | D:3      | Noticed Terence
  1724 | D:3      | XOM: potion effect (might)
  1727 | D:3      | Killed Terence
  1727 | D:3      | Reached skill level 1 in Short Blades
  2144 | D:3      | XOM: noise
  2232 | D:3      | Killed from afar by an orc priest

Skill      XL: |  1  2  3  4 |
---------------+-------------+-----
Dodging        | 1 2 |  2.8
Unarmed Combat | 3 |  3.2
Armour         | 2 |  2.0
Short Blades   | 1 |  1.2
Fighting       | |  3.4

Action                   |  1- 3 |  4- 6 || total
-------------------------+-------+-------++-------
Melee: Unarmed           |   122 |    39 ||   161
       Dagger            |       |    20 ||    20
       Punch             |       |     1 ||     1
Throw: Tomahawk          |       |     1 ||     1
  Use: Scroll            |       |     3 ||     3
 Stab: Sleeping          |     1 |       ||     1
  Eat: Chunk             |     2 |     2 ||     4
Armor: Leather armour    |    46 |    20 ||    66
Dodge: Dodged            |    73 |    35 ||   108
